 Dungeon Crawl Stone Soup version 0.28-a0-909-g796cbd3a86 (webtiles) character file.

Game seed: 17114521849703286940

4 siradein the Charlatan (level 1, 0/15 HPs)
             Began as a Demonspawn Artificer on Nov 24, 2021.
             Slain by a quokka (1 damage)
             ... on level 1 of the Dungeon.
             The game lasted 00:00:25 (210 turns).

siradein the Charlatan (Demonspawn Artificer)        Turns: 210, Time: 00:00:25

Health: 0/15       AC:  3    Str: 12    XL:     1   Next: 50%
Magic:  1/1        EV: 11    Int: 12    God:
Gold:   7          SH:  0    Dex: 13    Spells: 0/0 levels left

rFire   . . .      SeeInvis .   g - +0 dagger (venom)
rCold   . . .      Faith    .   (no shield)
rNeg    . . .      Spirit   .   b - +0 leather armour
rPois   .          Reflect  .   (no helmet)
rElec   .          Harm     .   (no cloak)
rCorr   .          Rampage  .   (no gloves)
Will    .....                   (no boots)
Stlth   +.........              (no amulet)
HPRegen 0.05/turn               (no ring)
MPRegen 0.07/turn               (no ring)

@: no status effects
A: no striking features
a: no special abilities


You were on level 1 of the Dungeon.
You visited 1 branch of the dungeon, and saw 1 of its levels.

You collected 7 gold pieces.

Inventory:

Hand Weapons
 g - a +0 dagger of venom (weapon)
Armour
 b - a +0 leather armour (worn)
Wands
 c - a wand of flame (15) (quivered)
 d - a wand of charming (15)
Potions
 f - a potion of ambrosia {unknown}
Miscellaneous
 e - a piece from Xom's chessboard (15/15)


   Skills:
 + Level 1.1 Fighting
 + Level 1.9 Armour
 + Level 1.0 Dodging
 - Level 0.8 Stealth
 + Level 3.0 Evocations


You couldn't memorise any spells.
You didn't know any spells.
Your spell library contained the following spells:

 Spells                   Type           Power      Damage    Failure   Level
 Ozocubu's Armour         Ice            0%         N/A       77%         3
 Metabolic Englaciation   Hex/Ice        0%         N/A       100%        5
 Simulacrum               Ice/Necr       0%         N/A       100%        6


Dungeon Overview and Level Annotations

Branches:
Dungeon (1/15)

Altars:


Message History

f - a pink potion
Found a glowing dagger.
A hobgoblin comes into view.
An endoplasm and a kobold come into view.
The endoplasm quivers.
The endoplasm moves out of view.
The kobold shouts!
You see here a +0 dagger of venom.
Your +0 dagger of venom begins to drip with poison!
g - a +0 dagger of venom (weapon)
Drop what? 7/52 slots (_ for help) (? for menu, Esc to quit)
You drop a +0 club.
The endoplasm freezes you.
You are frozen.
The kobold hits you but does no damage.
You hit the kobold.
The kobold is poisoned.
The kobold is moderately wounded.
The endoplasm freezes you.
You are frozen.
A quokka comes into view.
The kobold hits you with a +0 dagger.
You hit the kobold but do no damage.
The kobold is moderately wounded.
The quokka twitches its whiskers.
The endoplasm freezes you.
You are frozen.
The kobold barely misses you.
You are too injured to fight recklessly!
You are too injured to fight recklessly!
You kill the kobold!
You see here a +0 club.
You hit the endoplasm.
The endoplasm is poisoned.
The endoplasm is heavily wounded.
The endoplasm freezes you.
You are frozen.
* * * LOW HITPOINT WARNING * * *
You hit the endoplasm.
The endoplasm looks as sick as possible!
The endoplasm is severely wounded.
You kill the endoplasm!
The quokka bites you.
You die...

#..)# ..
#.#########.####.
#.#####................
#......).#.....#..####.
..#####.##.#####.##
...# #....# .#
#...###..### g#
..#...r..# ###..#
.......@###.....##
.#..##.....^# ### ...
##......####.... ...
##..........# ..#
..........#### ..#
#....##....########.#
#.##.
#.##.....##...#### ..
#....................
...#.######........##


You could see a quokka.

Vanquished Creatures
  An endoplasm (D:1)
  A hobgoblin (D:1)
  A kobold (D:1)
  A ball python (D:1)
  A bat (D:1)
5 creatures vanquished.

Notes
Turn   | Place    | Note
-------+----------+-------------------------------------------
     0 | D:1      | siradein the Demonspawn Artificer began the quest for the
                  | Orb.
     0 | D:1      | Reached XP level 1. HP: 15/15 MP: 1/1
    58 | D:1      | Reached skill level 1 in Dodging
   210 | D:1      | Slain by a quokka

Illustrated notes

Levels and vault maps discovered:
D:1:      eino_arrival_cavern_b, layout_rooms

Skill      XL: |  1 |
---------------+----+-----
Dodging        | 1 |  1.0
Fighting       | |  1.1
Armour         | |  1.9
Stealth        | |  0.8
Evocations     | |  3.0

Action                   || total
-------------------------++-------
Melee: Club              ||    12
       Dagger            ||     4
Armor: Leather armour    ||     6
Dodge: Dodged            ||     9

Table legend: (Time is in decaauts)
 A = Elapsed time spent in this place.
 B = Non-inter-level travel time spent in this place.
 C = Inter-level travel time spent in this place.
 D = Time resting spent in this place.
 E = Time spent auto-exploring this place.
 F = Levels seen in this place.
 G = Mean time per level.
                   A        B        C        D        E       F      G
               +--------+--------+--------+--------+--------+-----+--------+
         Total |    215 |    215 |      0 |      0 |    159 |   1 |  215.0 |
       Dungeon |    215 |    215 |      0 |      0 |    159 |   1 |  215.0 |
               +--------+--------+--------+--------+--------+-----+--------+

Top non-repeatable levels by time:
     D:1: 215 daAuts
